 Dungeon Crawl Stone Soup version 0.30.1-6-gbe392663c4 (webtiles) character file.

Game seed: 503993653184507244

185738 safid the Warrior (level 18, -6/158 HPs)
             Began as a Merfolk Ice Elementalist on Sept 20, 2023.
             Was a High Priest of Vehumet.
             Mangled by a culicivora (13 damage)
             ... on level 2 of the Spider Nest on Sept 21, 2023.
             The game lasted 01:52:11 (35414 turns).

safid the Warrior (Merfolk Ice Elementalist)       Turns: 35414, Time: 01:52:11

Health: -6/158     AC: 14    Str:  9    XL:     18   Next: 4%
Magic:  22/31      EV: 14    Int: 22    God:    Vehumet [*****.]
Gold:   1571       SH:  5    Dex: 11    Spells: 9/35 levels left

rFire   . . .        Z - +9 demon trident (heavy)
rCold   + . .        D - +0 buckler
rNeg    + + +        P - +2 robe {Will+}
rPois   +            v - +0 helmet "Gaxoboes" {rN+++ Int+4 Dex-5}
rElec   +            a - +2 cloak
rCorr   +            u - +2 pair of gloves
SInv    +            H - +2 pair of boots
Will    ++...        S - amulet of regeneration
Stlth   +++          B - ring of protection from cold
HPRegen 1.26/turn    K - ring "Wem Ibux" {rElec rPois rCorr SInv Stlth+}
MPRegen 0.22/turn

%: no passive effects
@: very slightly contaminated
A: (nimble swimmer 2), mertail, dopey 1
}: 1/15 runes: barnacled
a: Renounce Religion


You were on level 2 of the Spider Nest.
You worshipped Vehumet.
Vehumet was extremely pleased with you.
You visited 5 branches of the dungeon, and saw 28 of its levels.
You also visited: Ossuary and Gauntlet.

You collected 3036 gold pieces.
You spent 1465 gold pieces at shops.

Inventory:

Hand Weapons
 Z - a +9 heavy demon trident (weapon)
Missiles
 y - 4 throwing nets
 L - 6 curare-tipped darts (quivered)
Armour
 a - a +2 cloak (worn)
 u - a +2 pair of gloves (worn)
 v - the +0 helmet "Gaxoboes" (worn) {rN+++ Int+4 Dex-5}
   (You acquired it on level 1 of the Spider Nest)

   Int:       It affects your intelligence (+4).
   Dex:       It affects your dexterity (-5).
   rN:        It renders you almost immune to negative energy.
 D - a +0 buckler (worn)
 H - a +2 pair of boots (worn)
 P - a +2 robe of willpower (worn)
Jewellery
 h - a ring of flight
 B - a ring of protection from cold (left hand)
 F - a ring of fire
 K - the ring "Wem Ibux" (right hand) {rElec rPois rCorr SInv Stlth+}
   (You took it off a merfolk on level 4 of the Shoals)

   [ring of resist corrosion]

   rElec:     It insulates you from electricity.
   rPois:     It protects you from poison.
   SInv:      It lets you see invisible.
   rCorr:     It protects you from acid and corrosion.
   Stlth:     It makes you more stealthy.
 S - an amulet of regeneration (around neck)
Wands
 m - a wand of roots (17)
 I - a wand of charming (14)
 O - a wand of mindburst (8)
 Q - a wand of quicksilver (9)
 R - a wand of flame (35)
 T - a wand of polymorph (6)
Scrolls
 d - 5 scrolls of amnesia
 e - 3 scrolls of blinking
 k - 9 scrolls of fog
 n - 4 scrolls of enchant armour
 p - 5 scrolls of magic mapping
 r - a scroll of silence
 t - 14 scrolls of teleportation
 x - a scroll of poison
 A - 3 scrolls of butterflies
 U - 3 scrolls of identify
Potions
 b - 2 potions of resistance
 c - 3 potions of might
 f - 6 potions of berserk rage
 i - 5 potions of haste
 j - 2 potions of cancellation
 l - 12 potions of curing
 o - 6 potions of mutation
 q - 3 potions of magic
 w - 7 potions of brilliance
 z - 16 potions of ambrosia
 C - 3 potions of heal wounds
 G - 6 potions of lignification
 N - a potion of flight
Miscellaneous
 g - a lightning rod (4/4)
 E - a phantom mirror
 M - a condenser vane
 V - a box of beasts


   Skills:
 + Level 18.6 Fighting
 * Level 10.1 Polearms
 - Level 5.0 Throwing
 - Level 8.0 Dodging
 - Level 2.1 Stealth
 - Level 6.0 Shields
 + Level 9.3 Spellcasting
 - Level 6.0 Conjurations
 - Level 5.0 Translocations
 + Level 11.3 Transmutations
 + Level 18.2 Ice Magic
 - Level 4.0 Air Magic
 - Level 8.0 Evocations


You had 9 spell levels left.
You knew the following spells:

 Your Spells              Type           Power      Damage    Failure   Level
a - Irradiate             Conj/Tmut      24%        3d19      1%          5
b - Frozen Ramparts       Ice            100%       1d16      0%          3
c - Ozocubu's Armour      Ice            74%        N/A       0%          3
d - Freezing Cloud        Conj/Ice/Air   25%        6-21      1%          5
e - Ozocubu's Refrigerat  Ice            37%        4d15      1%          7
f - Freeze                Ice            100%       1d10      0%          1
g - Blink                 Tloc           64%        N/A       1%          2

Your spell library contained the following spells:

 Spells                   Type           Power      Damage    Failure   Level
 Spellforged Servitor     Conj/Summ      11%        N/A       99%         7
 Beastly Appendage        Tmut           100%       N/A       1%          1
 Lesser Beckoning         Tloc           64%        N/A       1%          2
 Wereblood                Tmut           57%        N/A       1%          2
 Mephitic Cloud           Conj/Pois/Air  24%        N/A       1%          3
 Ice Form                 Ice/Tmut       66%        N/A       1%          4
 Dazzling Flash           Conj/Hex       46%        N/A       2%          3
 Spider Form              Tmut/Pois      35%        N/A       2%          3
 Volatile Blastmotes      Fire/Tloc      42%        2d13      2%          3
 Iskenderun's Mystic Bla  Conj/Tloc      34%        2d8       2%          4
 Summon Ice Beast         Ice/Summ       50%        N/A       2%          4
 Gell's Gravitas          Tloc           32%        N/A       3%          3
 Teleport Other           Tloc           32%        N/A       3%          3
 Iskenderun's Battlesphe  Conj           36%        2d9       6%          5
 Metabolic Englaciation   Hex/Ice        25%        N/A       6%          5
 Fulminant Prism          Conj/Hex       11%        3d8       7%          4
 Manifold Assault         Tloc           32%        N/A       12%         4
 Sublimation of Blood     Necr           10%        N/A       14%         2
 Eringya's Noxious Bog    Tmut/Pois      17%        N/A       32%         6
 Simulacrum               Ice/Necr       25%        N/A       32%         6
 Summon Lightning Spire   Summ/Air       19%        N/A       36%         4
 Lee's Rapid Deconstruct  Erth           5%         3d6*      50%         5
 Anguish                  Hex/Necr       5%         N/A       65%         4
 Cause Fear               Hex            5%         N/A       65%         4
 Dispel Undead            Necr           10%        3d9       65%         4
 Summon Forest            Summ/Tloc      10%        N/A       65%         5
 Iron Shot                Conj/Erth      11%        9d3       67%         6
 Starburst                Conj/Fire      11%        6d5       67%         6
 Plasma Beam              Fire/Air       9%         2x1d22    80%         6
 Storm Form               Tmut/Air       22%        N/A       97%         7
 Enfeeble                 Hex            5%         N/A       100%        7
 Summon Hydra             Summ           5%         N/A       100%        7
 Maxwell's Capacitive Co  Air            13%        ∞         100%        8


Dungeon Overview and Level Annotations

Branches:
Dungeon (15/15)            Temple (0/1) D:6            Lair (5/5) D:8
 Shoals (4/4) Lair:3       Spider (2/4) Lair:3        Slime (0/5) Lair:5
    Orc (2/2) D:12            Elf (0/3) Orc:2        Vaults (0/5) D:14
 Depths (0/4) D:15        Ossuary (visited)         Gauntlet (visited)

Altars:
Gozag
Makhleb
Nemelex Xobeh
Qazlal
Sif Muna
Trog
Vehumet
Yredelemnul
Jiyva

Shops:
D:4 ([*   D:12 ?   Orc:2 ([(:[

Portals:
Trove: D:12 (give +3 storm dragon scales)

Annotations:
D:8 exclusion: orange demon
D:10 Harold
Lair:1 2 transporters, Vew Pil's ghost, journeyman DrTm
Lair:5 exclusion: obsidian statue


Innate Abilities, Weirdness & Mutations

((You are very nimble when in or above water. (Stealth+, EV+, Speed+++)))
Your lower body shifts to a powerful aquatic tail in water.
You are dopey. (Int -2)


Message History

Being near the torpor snail leaves you feeling lethargic.
The redback moves out of view. x2
Unknown command.
You feel yourself speed up. You block the redback's attack.
The redback bites you but does no damage.
A hog comes into view. x2
You block the redback's attack.
Unknown command.
A culicivora comes into view.
The demonic crawler enters a dispersal trap!
The hog blinks!
The redback blinks! x2; The wolf spider blinks!
The redback blinks!
You blink.
Found a stone staircase leading up.
Unknown command.
A wolf spider comes into view.
The wolf spider's many legs skitter.
Found a short sword.
A redback comes into view.
The wolf spider hits you!
* * * LOW HITPOINT WARNING * * *
The wolf spider bites you.
* * * LOW HITPOINT WARNING * * *
The wolf spider misses you.
The wolf spider bites you but does no damage.
The culicivora's many legs skitter faintly.
Casting: Ozocubu's Refrigeration (dangerous; 1% risk of failure)
Confirm with . or Enter, or press ? or * to list all spells.
You erupt in a fountain of uncontrolled magic!
The culicivora is blasted with magical radiation!!
The culicivora is almost dead.
The wolf spider is blasted with magical radiation!!
The wolf spider is severely wounded.
You are very lightly contaminated with residual magic.
The culicivora bites you but does no damage.
The wolf spider hits you.
* * * LOW HITPOINT WARNING * * *
The wolf spider bites you!
* * * LOW HITPOINT WARNING * * *
The culicivora bites you!
You die...

#.#.##.#.†>.#....##.§......s.
##......###..#.##.[.#.§.....#
#<.#.#.....#.........#.....#..
###..^#..........^##..<....s§.
#.......#..#...#..#..##...##
<...#.#...#.....#.s.^.^...>.
##.#........#.s#..#...#. ...
#.##.#.......s^.#.#...# .. ^.
..#.#...@#.#.^..... .
.....#.s.#..#..#.#
...#...#......#... ..^...<
s.#.....# .##.#.. .#.^.#.
...).. ..#.... ....... .. .. #
.#....# ^#. ..


You could see a wolf spider, a culicivora and 3 redbacks.

Vanquished Creatures
  Jorgrun (D:15)
  Rupert (Lair:4)
  10 krakens
  Frances (D:12)
  Louise (Shoals:4)
  An emperor scorpion (Spider:2)
  Aizul (Shoals:1)
  A ghost moth (Spider:1)
  4 dire elephants (Lair:5)
  A spark wasp (Spider:2)
  A minotaur (Gauntlet)
  An ettin (Orc:2)
  A merfolk javelineer (Shoals:4)
  7 merfolk impalers
  Fannar (Lair:3)
  2 entropy weavers
  An ogre mage (D:12)
  A rakshasa (D:14)
  2 vault guards (D:14)
  3 hydras
  A radroach (Spider:1)
  A catoblepas (Lair:4)
  6 merfolk avatars
  2 centaur warriors
  5 merfolk aquamancers
  A boulder beetle (D:13)
  An alligator snapping turtle (Shoals:4)
  A death knight (D:15)
  2 tengu warriors (D:15)
  6 two-headed ogres
  5 death yaks (Lair:4)
  3 orc high priests (Orc:2)
  Urug (Lair:5)
  Sonja (D:11)
  Amaemon (D:8)
  6 pharaoh ants
  2 skysharks
  9 sea snakes
  3 orb spiders
  A spectral anaconda (Lair:5)
  A wizard (D:15)
  5 orc knights (Orc:2)
  2 steelbarb worms (Spider:1)
  2 deep elf zephyrmancers (D:15)
  A wolf spider zombie (D:15)
  3 harpies (Shoals:4)
  5 necromancers
  8 orc sorcerers
  12 ugly things
  9 wolf spiders
  13 manticores
  2 deep elf pyromancers
  A moth of wrath (Gauntlet)
  10 fauns
  5 merfolk sirens
  7 cyclopes
  3 black mambas
  9 elephants
  A dire elephant zombie (Lair:5)
  Maurice (D:11)
  3 demonic crawlers (Spider:1)
  8 water nymphs
  2 dire elephant skeletons (Lair:5)
  15 cane toads
  2 gargoyles
  An orange demon (D:8)
  3 torpor snails
  An unseen horror (D:10)
  A centaur skeleton (D:15)
  2 rime drakes (Lair:5)
  2 efreet (D:14)
  2 freezing wraiths
  11 komodo dragons
  2 tengu conjurers (D:15)
  6 meliai
  6 polar bears
  3 trolls
  25 merfolk
  A queen bee (Spider:1)
  18 blink frogs
  Prince Ribbit (D:5)
  6 wind drakes
  A spectral elephant (Lair:5)
  10 dream sheep
  A hornet (D:7)
  9 tarantellas
  11 snapping turtles
  7 jumping spiders
  11 water elementals
  10 culicivoras
  18 slime creatures
  A dire elephant simulacrum (Lair:5)
  A shadow (D:13)
  A wraith (D:8)
  8 humans (D:14)
  6 basilisks
  50 yaks
  3 wyverns
  24 redbacks
  2 vampire mosquitoes (D:13)
  A warg (Orc:2)
  2 steam dragons
  2 spectral cane toads (Lair:5)
  11 water moccasins
  A hornet zombie (Ossuary)
  24 orc warriors
  3 sky beasts
  2 ice beasts
  A black bear (D:2)
  15 wolves
  2 centaurs
  2 elephant skeletons (Lair:5)
  13 ogres
  2 phantoms
  2 kobold brigands (D:8)
  15 bullfrogs
  A water moccasin zombie (Ossuary)
  3 scorpions
  4 wights (D:9)
  2 elephant simulacra (Lair:5)
  35 killer bees
  3 electric eels
  4 howler monkeys
  6 centaur zombies
  9 bullfrog zombies (Ossuary)
  A jelly (D:4)
  14 orc priests
  10 hell rats (Lair:5)
  13 mummies (Ossuary)
  A boggart zombie (D:15)
  2 sleepcaps
  5 iguanas
  19 orc wizards
  A killer bee zombie (Ossuary)
  Robin (D:2)
  5 adders
  A shadow imp (D:4)
  A white imp (D:7)
  2 ufetubi
  10 dart slugs
  63 orcs
  2 ball pythons (D:3)
  11 endoplasms
  A giant cockroach (D:4)
  17 goblins
  7 hobgoblins
  9 jackals
  15 kobolds
  3 quokkas
  6 bats
  3 frilled lizards
  A goblin zombie (D:7)
  A quokka zombie (D:7)
  5 rats
  19 tentacles
909 creatures vanquished.

Vanquished Creatures (others)
  2 humans (D:14)
  60 tentacles
62 creatures vanquished.

Grand Total: 971 creatures vanquished

Notes
Turn   | Place    | Note
-------+----------+-------------------------------------------
     0 | D:1      | safid the Merfolk Ice Elementalist began the quest for the
                  | Orb.
     0 | D:1      | Reached XP level 1. HP: 13/13 MP: 3/3
   214 | D:1      | Reached XP level 2. HP: 20/20 MP: 5/5
   374 | D:1      | Reached skill level 1 in Fighting
   458 | D:1      | Found a bloodstained altar of Trog.
   958 | D:2      | Noticed a black bear
   966 | D:2      | Killed a black bear
   967 | D:2      | Reached skill level 5 in Ice Magic
   967 | D:2      | Reached XP level 3. HP: 19/28 MP: 5/7
   967 | D:2      | Reached XP level 4. HP: 23/34 MP: 5/8
   977 | D:2      | Learned a level 3 spell: Frozen Ramparts
   981 | D:2      | Learned a level 3 spell: Ozocubu's Armour
  1064 | D:2      | Noticed Robin
  1073 | D:2      | Reached XP level 5. HP: 31/39 MP: 5/9
  1075 | D:2      | Killed Robin
  1799 | D:3      | Found a radiant altar of Vehumet.
  1812 | D:3      | Became a worshipper of Vehumet
  2661 | D:4      | Noticed a phantom
  2664 | D:4      | Reached * piety under Vehumet
  2664 | D:4      | Offered knowledge of Shock by Vehumet.
  2693 | D:4      | Killed a phantom
  2694 | D:4      | Reached XP level 6. HP: 23/47 MP: 11/11
  3320 | D:4      | Found Qudduaf's Antique Armour Shoppe.
  3322 | D:4      | Found Pimaaxim's Weapon Shoppe.
  3322 | D:4      | Found Zolodaimm's Assorted Antiques.
  3396 | D:4      | Reached XP level 7. HP: 54/54 MP: 13/13
  3847 | D:5      | Entered Level 5 of the Dungeon
  3908 | D:4      | Bought a scorched helmet for 171 gold pieces
  3908 | D:4      | Identified the +2 helmet "Kagak" {Dex+2} (You bought it in
                  | a shop on level 4 of the Dungeon)
  4191 | D:5      | Reached ** piety under Vehumet
  4224 | D:5      | Offered knowledge of Magic Dart by Vehumet.
  4375 | D:5      | Reached skill level 5 in Fighting
  4452 | D:5      | Reached skill level 5 in Spellcasting
  4452 | D:5      | Reached XP level 8. HP: 53/62 MP: 15/15
  4675 | D:5      | Identified the +5 quarterstaff "Giploiw" {flame, rN+ Str+2}
  4769 | D:5      | Found a sparkling altar of Nemelex Xobeh.
  4773 | D:5      | Noticed Prince Ribbit
  4816 | D:5      | Killed Prince Ribbit
  5170 | D:6      | Found a staircase to the Ecumenical Temple.
  5393 | D:6      | Found an opulent altar of Gozag.
  5477 | D:7      | Identified the +6 quarterstaff of Twilight {flame, Fragile
                  | rPois Str+4}
  5491 | D:7      | Noticed a hornet
  5496 | D:7      | Killed a hornet
  5497 | D:7      | Reached XP level 9. HP: 49/71 MP: 14/18
  5518 | D:7      | Found a sand-covered staircase.
  5538 | Ossuary  | Entered an ossuary
  5661 | Ossuary  | Offered knowledge of Scorch by Vehumet.
  5811 | Ossuary  | Reached *** piety under Vehumet
  6344 | D:7      | Offered knowledge of Volatile Blastmotes by Vehumet.
  6990 | D:8      | Reached XP level 10. HP: 82/82 MP: 21/21
  7019 | D:8      | Reached skill level 5 in Dodging
  7030 | D:8      | Noticed Amaemon
  7030 | D:8      | Noticed an orange demon
  7037 | D:8      | Found a staircase to the Lair.
  7125 | D:8      | Learned a level 2 spell: Blink
  7262 | D:8      | Reached skill level 10 in Ice Magic
  7445 | D:8      | Reached **** piety under Vehumet
  7740 | D:8      | Found a shimmering blue altar of Sif Muna.
  7926 | D:8      | Offered knowledge of Olgreb's Toxic Radiance by Vehumet.
  8061 | D:8      | Found a stormy altar of Qazlal.
  8064 | D:8      | Found a bloodstained altar of Trog.
  8235 | D:9      | Reached skill level 1 in Evocations
  8428 | D:9      | Reached XP level 11. HP: 88/90 MP: 23/23
  8741 | D:10     | Entered Level 10 of the Dungeon
  8750 | D:10     | Reached skill level 10 in Fighting
  8876 | D:10     | Noticed a cyclops
  8892 | D:10     | Killed a cyclops
  8916 | D:10     | Noticed a two-headed ogre
  8924 | D:10     | Killed a two-headed ogre
  9075 | D:10     | Noticed Harold
  9298 | D:10     | Found a basalt altar of Yredelemnul.
  9585 | Lair:1   | Entered Level 1 of the Lair of Beasts
  9826 | Lair:1   | Reached skill level 5 in Evocations
  9994 | Lair:1   | Found a transporter.
 10001 | Lair:1   | Noticed Vew Pil's ghost (journeyman DrTm)
 10002 | Lair:1   | Found a transporter.
 10073 | Lair:1   | Reached ***** piety under Vehumet
 10591 | Lair:1   | Reached XP level 12. HP: 100/100 MP: 24/24
 10780 | Lair:2   | Offered knowledge of Freezing Cloud by Vehumet.
 10816 | Lair:2   | Learned a level 5 spell: Freezing Cloud
 11075 | Lair:2   | Reached skill level 1 in Throwing
 11087 | Lair:2   | Reached skill level 1 in Conjurations
 11087 | Lair:2   | Reached skill level 1 in Air Magic
 11152 | Lair:2   | Noticed a six-headed hydra
 11176 | Lair:2   | Killed a six-headed hydra
 11177 | Lair:2   | Reached skill level 1 in Translocations
 11475 | Lair:2   | Got the Folio of Floating Diablerie
 11919 | Lair:3   | Found a staircase to the Shoals.
 12003 | Lair:3   | Found a hole to the Spider Nest.
 12300 | Lair:3   | Noticed a skyshark
 12312 | Lair:3   | Killed a skyshark
 12487 | Lair:3   | Noticed Fannar
 12524 | Lair:3   | Killed Fannar
 12801 | Lair:3   | Reached XP level 13. HP: 106/109 MP: 25/25
 12917 | Lair:4   | Found a gate leading to a gauntlet.
 12925 | Gauntlet | Entered a Gauntlet
 12925 | Gauntlet | Found a transporter.
 12925 | Gauntlet | Found a transporter.
 12925 | Gauntlet | Found a transporter.
 12991 | Gauntlet | Found a transporter.
 12993 | Gauntlet | Found a transporter.
 12993 | Gauntlet | Found a large runed translucent door.
 12994 | Gauntlet | Found a large runed translucent door.
 12995 | Gauntlet | Found a large runed translucent door.
 12995 | Gauntlet | Found a large runed translucent door.
 12995 | Gauntlet | Found a runed translucent door.
 12995 | Gauntlet | Found a runed translucent door.
 12996 | Gauntlet | Found a large runed translucent door.
 12996 | Gauntlet | Found a large runed translucent door.
 12996 | Gauntlet | Found a large runed translucent door.
 12996 | Gauntlet | Found a large runed translucent door.
 12997 | Gauntlet | Found a large runed translucent door.
 12997 | Gauntlet | Found a large runed translucent door.
 12998 | Gauntlet | Found a large runed translucent door.
 12998 | Gauntlet | Found a large runed translucent door.
 12999 | Gauntlet | Found a runed translucent gate.
 12999 | Gauntlet | Found a runed translucent gate.
 12999 | Gauntlet | Found a runed translucent gate.
 13001 | Gauntlet | Found a transporter.
 13002 | Gauntlet | Noticed a green death
 13005 | Gauntlet | Found a transporter.
 13010 | Gauntlet | Noticed a blizzard demon
 13015 | Gauntlet | Noticed a dire elephant
 13015 | Gauntlet | Found the ring of the Hare {EV+10}
 13019 | Gauntlet | Found a transporter.
 13046 | Gauntlet | Found a large runed translucent door.
 13046 | Gauntlet | Found a large runed translucent door.
 13049 | Gauntlet | Found a large runed translucent door.
 13049 | Gauntlet | Found a large runed translucent door.
 13105 | Gauntlet | Found a transporter.
 13117 | Gauntlet | Found a transporter.
 13119 | Gauntlet | Found a transporter.
 13129 | Gauntlet | Found a transporter.
 13378 | Gauntlet | Noticed a minotaur
 13408 | Gauntlet | Killed a minotaur
 13622 | Gauntlet | Identified the +7 great sword "Lulyant" {vamp, rElec}
 14103 | Lair:4   | Noticed Rupert
 14965 | Lair:5   | Entered Level 5 of the Lair of Beasts
 15153 | Lair:5   | Reached skill level 5 in Throwing
 15377 | Lair:5   | Offered knowledge of Sticky Flame by Vehumet.
 15802 | Lair:5   | Found a viscous altar of Jiyva.
 15803 | Lair:5   | Found a staircase to the Slime Pits.
 15825 | Lair:5   | Reached XP level 14. HP: 119/119 MP: 18/26
 15891 | Lair:5   | Noticed Urug
 15898 | Lair:5   | Killed Urug
 16168 | Lair:5   | Noticed a dire elephant
 16168 | Lair:5   | Noticed a dire elephant
 16419 | Lair:5   | Noticed a dire elephant
 16577 | Lair:5   | HP: 4/120 [dire elephant (18)]
 17286 | D:11     | Noticed Maurice
 17290 | D:11     | Killed Maurice
 17291 | D:11     | Reached skill level 15 in Ice Magic
 17439 | D:11     | Noticed Sonja
 17441 | D:11     | Killed Sonja
 18000 | D:12     | Noticed Frances
 18013 | D:12     | Killed Frances
 18211 | D:12     | Found a staircase to the Orcish Mines.
 18327 | D:12     | Found Hyhomud's Magic Scroll Shoppe.
 18358 | D:12     | Reached skill level 15 in Fighting
 18660 | D:12     | Found a portal to a secret trove of treasure.
 18856 | Orc:1    | Entered Level 1 of the Orcish Mines
 19072 | Orc:1    | Offered knowledge of Fireball by Vehumet.
 19192 | Orc:1    | Found a burning altar of Makhleb.
 19375 | Orc:2    | Entered Level 2 of the Orcish Mines
 19510 | Orc:2    | Found a staircase to the Elven Halls.
 20052 | Orc:2    | Found Icahex's Antique Armour Boutique.
 20052 | Orc:2    | Found Fanaoth's Antique Weapon Shoppe.
 20057 | Orc:2    | Found Calu's Weapon Shoppe.
 20057 | Orc:2    | Found Pydig's Book Boutique.
 20204 | Orc:2    | Found Ruram's Armour Shop.
 20413 | Orc:2    | Bought the Elucidation of the Discharge for 598 gold pieces
 20419 | Orc:2    | Learned a level 5 spell: Irradiate
 20611 | D:13     | Reached skill level 1 in Transmutations
 20643 | D:13     | Reached XP level 15. HP: 41/132 MP: 27/27
 21703 | D:14     | Offered knowledge of Yara's Violent Unravelling by Vehumet.
 22564 | D:14     | Identified the +4 kite shield of Loss {Rampage rN++ Int-2}
 22566 | D:14     | Found a gate to the Vaults.
 22724 | D:14     | You fall into a shaft and drop 1 floor!
 22724 | D:15     | Entered Level 15 of the Dungeon
 22788 | D:15     | Reached skill level 5 in Conjurations
 22821 | D:15     | Reached skill level 5 in Transmutations
 22882 | D:15     | Found a staircase to the Depths.
 23479 | D:15     | Noticed Jorgrun
 23489 | D:15     | Killed Jorgrun
 24350 | Shoals:1 | Entered Level 1 of the Shoals
 24671 | Shoals:1 | Offered knowledge of Conjure Ball Lightning by Vehumet.
 24766 | Shoals:1 | Identified the +3 mace of Riug {antimagic, Fly rN+}
 24952 | Shoals:1 | Noticed Aizul
 24968 | Shoals:1 | Killed Aizul
 24969 | Shoals:1 | Reached XP level 16. HP: 117/141 MP: 8/28
 25858 | Shoals:2 | Noticed a kraken
 25858 | Shoals:2 | Noticed a kraken
 25858 | Shoals:2 | Noticed a kraken
 25858 | Shoals:2 | Noticed a kraken
 26450 | D:12     | Bought a scroll of teleportation for 36 gold pieces
 26450 | D:12     | Bought a scroll of enchant weapon for 90 gold pieces
 26450 | D:12     | Bought a scroll of teleportation for 36 gold pieces
 26450 | D:12     | Bought a scroll of immolation for 48 gold pieces
 26486 | D:12     | Identified a scroll of acquirement
 26486 | D:12     | Acquired Roxanne's Elucidation of Changed Minerals
 26924 | Shoals:2 | Noticed a kraken
 26939 | Shoals:2 | Killed a kraken
 26940 | Shoals:2 | Reached skill level 1 in Polearms
 27133 | Shoals:2 | Killed a kraken
 27134 | Shoals:2 | Reached skill level 1 in Shields
 27152 | Shoals:2 | Killed a kraken
 27231 | Shoals:2 | Killed a kraken
 27514 | Shoals:2 | Killed a kraken
 28882 | Shoals:3 | Noticed a kraken
 28898 | Shoals:3 | Killed a kraken
 28898 | Shoals:3 | Offered knowledge of Ozocubu's Refrigeration by Vehumet.
 28931 | Shoals:3 | Learned a level 7 spell: Ozocubu's Refrigeration
 29670 | Shoals:4 | Entered Level 4 of the Shoals
 29670 | Shoals:4 | Noticed a kraken
 29686 | Shoals:4 | Killed a kraken
 30022 | Shoals:4 | Noticed Louise
 30038 | Shoals:4 | Killed Louise
 30047 | Shoals:4 | Reached skill level 5 in Translocations
 30222 | Shoals:4 | Reached skill level 5 in Polearms
 30364 | Shoals:4 | Noticed a kraken
 30381 | Shoals:4 | Killed a kraken
 30997 | Shoals:4 | Noticed a kraken
 30999 | Shoals:4 | Reached skill level 5 in Shields
 30999 | Shoals:4 | Reached XP level 17. HP: 149/149 MP: 24/29
 31008 | Shoals:4 | Killed a kraken
 31256 | Shoals:4 | Noticed a kraken
 31268 | Shoals:4 | Killed a kraken
 31282 | Shoals:4 | Reached skill level 10 in Transmutations
 31397 | Shoals:4 | Got a barnacled rune of Zot
 31642 | Shoals:4 | Found the amulet of the Air {Inacc Air Fly rElec RMsl}
 31746 | Shoals:4 | Identified the amulet "Mem Atoqo" {Reflect Dex+7 SH+5}
 31789 | Shoals:4 | Identified the ring "Wem Ibux" {rElec rPois rCorr SInv
                  | Stlth+}
 31922 | Spider:1 | Entered Level 1 of the Spider Nest
 32000 | Spider:1 | Acquired the +0 helmet "Gaxoboes" {rN+++ Int+4 Dex-5}
 32197 | Spider:1 | Offered knowledge of Spellforged Servitor by Vehumet.
 32503 | Spider:1 | Identified the +5 chain mail of Disguise {rPois Str+2
                  | Dex+5}
 33251 | D:8      | Killed Amaemon
 33384 | D:4      | Bought a potion of heal wounds for 90 gold pieces
 33384 | D:4      | Bought a potion of magic for 144 gold pieces
 33384 | D:4      | Bought a potion of magic for 144 gold pieces
 33384 | D:4      | Bought a potion of curing for 54 gold pieces
 33384 | D:4      | Bought a potion of curing for 54 gold pieces
 33565 | Lair:4   | Killed Rupert
 33575 | Lair:4   | Gained mutation: You are dopey. (Int -2) [mutagenic glow]
 34191 | Lair:5   | Identified the +8 shortbow "Keviss" {flame, rN+ Int+4
                  | Dex+2}
 34192 | Lair:5   | Identified the +0 chain mail of Roczeug {rC+ Int+3 Dex+3}
 35277 | Spider:2 | Reached skill level 10 in Polearms
 35277 | Spider:2 | Reached XP level 18. HP: 121/158 MP: 9/31
 35413 | Spider:2 | HP: 6/158 [wolf spider (8)]
 35414 | Spider:2 | Mangled by a culicivora

Illustrated notes

Levels and vault maps discovered:
D:1:      dpeg_arrival_arbitrary_c, layout_loops_ring, minmay_hexomino_r4
D:2:      layout_basic, uniq_robin
D:3:      layout_loops_corners, mainiacjoe_overflow_24_doors
D:4:      layout_loops_ring, roderic_serpentine_path, st_stairs_10,
          nicolae_shop_distant_corner_stores, kennysheep_cross_bottleneck
D:5:      kennysheep_slugbush, layout_basic, nemelex_dance_club_becter,
          uniq_prince_ribbit1
D:6:      layout_rooms, nicolae_gozag_cash_rules_everything_around_me,
          temple_green, hangedman_abyss_or_decor_jellyfish_corner
D:7:      layout_basic, enter_ossuary_4
D:8:      layout_gridville, nicolae_overflow_hidden_temple,
          due_lair_maze_entry_diamond, uniq_amaemon
D:9:      layout_roguey
D:10:     layout_basic, lemuel_zombie_altar_yredelemnul, uniq_harold
D:11:     layout_gridville, uniq_sonja, uniq_maurice
D:12:     layout_cave_pods, orc_0_dummy, serial_shops, nicolae_shop_statue_plus,
          enter_trove_1, uniq_frances
D:13:     layout_irregular_city
D:14:     layout_rooms, ximxim_vaults_locker_room, infiniplex_staircase_star
D:15:     grunt_enter_depths_magical_seal, layout_small_grid, special_room
          [special_room_orc], uniq_jorgrun
Lair:1:   layout_regular_city, gammafunk_ghost_hive
Lair:2:   layout_chaotic_city, lemuel_fruit_tree
Lair:3:   layout_regular_city, elwin_shoals_entry_rocks, dummy_spider_entry,
          serial_bayou_shore_b, uniq_fannar
Lair:4:   layout_gridlike, gauntlet_entry_generic, uniq_rupert
Lair:5:   due_jungle_book, layout_long_grid, slime_entry_1, grunt_megastairs_2,
          serial_bayou_shore_b, serial_bayou_shore_a, uniq_urug
Shoals:1: layout_shoals, nicolae_shoals_water_elemental_grotto, uniq_aizul
Shoals:2: layout_shoals, nicolae_shoals_kraken_party
Shoals:3: layout_shoals
Shoals:4: shoals_end_hangedman, layout_shoals, uniq_louise
Spider:1: layout_spider_delve, special_room [special_room_bee]
Spider:2: layout_spider_delve, hellmonk_spider_spawner, uniq_kirke
Orc:1:    layout_caves, basic_altar
Orc:2:    grunt_orc_tribal_feast, layout_diamond_mine, serial_shops,
          nicolae_diamond_shop

Skill      XL: |  1  2  3  4  5  6  7  8  9 10 11 12 13 14 15 16 17 |
---------------+----------------------------------------------------+-----
Fighting       | 2 3 4 5 6 8 9 11 12 13 16 17 18 | 18.6
Spellcasting   | 3 4 5 6 7 8 9 |  9.3
Ice Magic      | 5 6 7 8 9 10 12 13 14 16 17 18 | 18.2
Dodging        | 4 7 8 |  8.0
Evocations     | 1 5 7 8 |  8.0
Throwing       | 3 5 |  5.0
Conjurations   | 2 4 6 |  6.0
Air Magic      | 2 4 |  4.0
Translocations | 2 4 5 |  5.0
Transmutations | 1 7 9 11 | 11.3
Polearms       | 5 10 | 10.1
Shields        | 5 6 |  6.0
Stealth        | |  2.1

Action                     |  1- 3 |  4- 6 |  7- 9 | 10-12 | 13-15 | 16-18 || total
---------------------------+-------+-------+-------+-------+-------+-------++-------
  Melee: Long sword        |    59 |     4 |       |       |       |       ||    63
         Dagger            |       |   111 |   118 |       |       |       ||   229
         Punch             |       |     1 |       |       |       |       ||     1
         Tailslap          |       |       |     9 |     2 |     2 |     7 ||    20
         Quarterstaff      |       |       |   164 |   344 |   393 |    14 ||   915
         Demon trident     |       |       |       |       |       |   296 ||   296
  Throw: Dart              |       |       |       |     3 |       |       ||     3
   Cast: Freeze            |     4 |    20 |       |     9 |    22 |       ||    55
         Frozen Ramparts   |       |     7 |    27 |    56 |   133 |    77 ||   300
         Ozocubu's Armour  |       |     2 |    34 |    45 |    62 |    62 ||   205
         Freezing Cloud    |       |       |       |     2 |   228 |   163 ||   393
         Blink             |       |       |       |       |     2 |       ||     2
         Irradiate         |       |       |       |       |    11 |    40 ||    51
         Ozocubu's Refrige |       |       |       |       |       |    53 ||    53
  Evoke: Lightning rod     |       |       |       |       |     1 |       ||     1
         Condenser vane    |       |       |       |       |     1 |       ||     1
         Wand              |       |       |       |       |     3 |       ||     3
    Use: Scroll            |       |       |     9 |     7 |    10 |    16 ||    42
         Potion            |       |       |       |     1 |     9 |     5 ||    15
   Stab: Sleeping          |     5 |     6 |     4 |     1 |     1 |       ||    17
 Armour: Robe              |    30 |    29 |   129 |   236 |   232 |   286 ||   942
  Dodge: Dodged            |    67 |    92 |   208 |   541 |   479 |   418 ||  1805
  Block: Buckler           |       |       |       |       |       |   112 ||   112
